[Event "Romanian Championship 2024"]
[Site "Eforie Nord"]
[Date "2024.02.28"]
[Round "6.2"]
[White "Ghimpu, Samuel-Timotei"]
[Black "Gavrilescu, David"]
[Result "1/2-1/2"]
[ECO "E18"]
[WhiteElo "2467"]
[BlackElo "2523"]
[Annotator "TA"]
[PlyCount "29"]
[EventDate "2024.02.24"]
[EventType "swiss"]
[EventCountry "ROU"]
[SourceTitle "playchess.com"]
[Source "ChessBase"]
[SourceQuality "1"]
[TimeControl "40/5400+30:900+30"]

1. c4 e6 2. g3 d5 3. Bg2 Nf6 4. Nf3 Be7 5. O-O O-O 6. b3 b6 7. d4 Bb7 8. Nc3 {[%emt 0:00:46] The position is equal.} c5 9. dxc5 dxc4 10. Qxd8 Rxd8 11. cxb6 axb6 12. bxc4 Rc8 13. Nd2 Bxg2 14. Kxg2 Nc6 15. Rb1 {[%emt 0:15:13] A rather calm draw.   Weighted Error Value: White=0.05 (flawless) /Black=0.04 (flawless) .  OK:         	White=4     	Black=2} 1/2-1/2

[Event "Romanian Championship 2024"]
[Site "Eforie Nord"]
[Date "2024.02.28"]
[Round "6.3"]
[White "Bulmaga, Irina"]
[Black "Manolache, Marius"]
[Result "0-1"]
[ECO "B09"]
[WhiteElo "2439"]
[BlackElo "2387"]
[Annotator "TA"]
[PlyCount "60"]
[EventDate "2024.02.24"]
[EventType "swiss"]
[EventCountry "ROU"]
[SourceTitle "playchess.com"]
[Source "ChessBase"]
[SourceQuality "1"]
[TimeControl "40/5400+30:900+30"]

1. e4 d6 2. d4 Nf6 3. Nc3 g6 4. f4 Bg7 5. Nf3 O-O 6. Bd3 Nc6 7. e5 dxe5 8. fxe5 Nh5 9. Be3 f6 10. exf6 exf6 11. Qd2 Bg4 {[%emt 0:08:23] White is slightly better.} 12. O-O (12. O-O-O $16) 12... Re8 $11 13. h3 Bxf3 14. Rxf3 {[%emt 0:00:03] Threatens to win with g4.} f5 15. Bc4+ (15. Ne2 $5) 15... Kh8 {[%emt 0:01:57][%cal Oe8e3] Hoping for ...Rxe3!} 16. Nd5 (16. Rd1 $15) 16... Re4 $17 17. c3 Na5 18. b3 {[%emt 0:00:56] [#]} b5 $1 $36 {[%emt 0:05:27][%mdl 2560] Black has strong initiative.} 19. Bd3 (19. Bg5 Qd7) 19... Qxd5 20. Bxe4 fxe4 21. Rf2 Ng3 {[%emt 0:02:10] White must now prevent ...Re8.} 22. Kh2 $2 {[%emt 0:01:07] Now White is beyond hope.} (22. Bh6 $17 Nf5 23. Bxg7+ Kxg7 24. Qf4) 22... Nf5 $19 23. Raf1 Nc6 24. b4 Re8 25. Qe2 Nd8 26. Rf4 Nxe3 27. Qxe3 Bh6 (27... Qxa2 28. Rxe4 Re6 29. Rxe6 Nxe6 (29... Qxe6 30. Qxe6 Nxe6 31. Re1 $16) 30. Re1 $11) 28. Rxe4 Qxe4 ({Not} 28... Bxe3 29. Rxe8+ Kg7 30. Rxe3 $19) 29. Qxh6 Qe7 {[%emt 0:00:26] Wards off Rf8+} 30. Kh1 Nf7 {[%emt 0:01:01] Weighted Error Value: White=0.48/Black=0.18 (very precise) .  Mistake:       	White=3     	---        Inaccurate:     	White=2     	---        OK:         	White=7     	Black=10     Best:        	---       	Black=3      Brilliant:      	---       	Black=1} 0-1

[Event "Romanian Championship 2024"]
[Site "Eforie Nord"]
[Date "2024.02.28"]
[Round "6.4"]
[White "Prisacaru, Stefan-Emilian"]
[Black "Nevednichy, Vladislav"]
[Result "1/2-1/2"]
[ECO "D37"]
[WhiteElo "2289"]
[BlackElo "2451"]
[Annotator "RC"]
[PlyCount "53"]
[EventDate "2024.02.24"]
[EventType "swiss"]
[EventCountry "ROU"]
[SourceTitle "playchess.com"]
[Source "ChessBase"]
[SourceQuality "1"]
[TimeControl "40/5400+30:900+30"]

1. d4 Nf6 2. c4 e6 3. Nf3 d5 4. Nc3 Nbd7 5. Bf4 dxc4 6. e3 b5 7. Nxb5 Bb4+ 8. Nc3 Nd5 9. a3 Nxc3 10. Qd2 Nd5 11. axb4 Nxf4 12. exf4 Bb7 13. Be2 O-O 14. O-O Nb6 15. Rfc1 Qd6 16. Ne5 Rfd8 17. Nxc4 Nxc4 18. Rxc4 Ba6 19. Rc5 Bxe2 20. Qxe2 Qxf4 21. Qe5 Qxd4 22. Qxd4 Rxd4 23. Rxc7 g6 24. b5 Rb8 25. g3 Rxb5 26. Raxa7 Rf5 27. Rc2 1/2-1/2

[Event "Romanian Championship 2024"]
[Site "Eforie Nord"]
[Date "2024.02.28"]
[Round "6.5"]
[White "Radu, David Cr."]
[Black "Magold, Filip"]
[Result "1/2-1/2"]
[ECO "B22"]
[WhiteElo "2142"]
[BlackElo "2400"]
[Annotator "TA"]
[PlyCount "127"]
[EventDate "2024.02.24"]
[EventType "swiss"]
[EventCountry "ROU"]
[SourceTitle "playchess.com"]
[Source "ChessBase"]
[SourceQuality "1"]
[TimeControl "40/5400+30:900+30"]

1. e4 c5 2. c3 Nf6 3. e5 Nd5 4. Nf3 Nc6 5. Bc4 Nb6 6. Bb3 d5 7. exd6 Qxd6 8. O-O Be6 9. Bxe6 Qxe6 10. a4 Qd7 11. a5 Nd5 12. a6 b5 13. d4 e6 14. Ne5 (14. Na3 $5) 14... Qc7 15. Re1 Bd6 (15... c4 $142) 16. Na3 $11 Rb8 17. Nxc6 Qxc6 18. Qg4 Nf6 $1 (18... O-O $2 19. Bh6 g6 20. dxc5 Qxc5 21. Bxf8 Kxf8 22. Nc2 $18) 19. Qh4 (19. Qxg7 $2 Rg8 $19) 19... cxd4 20. Bg5 Nd5 21. Qxd4 O-O 22. Qg4 (22. Qxa7 $2 Bc5 $19) 22... Kh8 (22... Qxa6 $2 23. Bh6 g6 24. Qd4 $18) 23. Nc2 Bc5 24. Qh3 (24. Ne3 {simplifies} Nxe3 25. Bxe3 Bxe3 26. Rxe3 Rbd8 27. Qe4) 24... f6 (24... Kg8 {simplifies} 25. Ne3 Nxe3 26. Bxe3 Rfd8) 25. Rxe6 Bxf2+ 26. Kh1 $1 Qc4 27. Be3 Qb3 28. Qf5 (28. Bxf2 $11 Nf4 29. Qf5 (29. Nd4 $2 Qxb2 30. Qf5 Nxe6 $19) 29... Nxe6 30. Bxa7) 28... Bxe3 (28... Qxb2 $2 29. Bxf2 (29. Qxf2 Nxe3 30. Rxe3 b4 $18) 29... Rbd8 30. Bxa7 $18) (28... Nxe3 $15 29. Nxe3 Qxb2) 29. Nxe3 Qxb2 30. Rb1 ({White should play} 30. Re1 $1 $11 Nc7 (30... Qxc3 $2 31. Nxd5 Qd4 32. Ne7 $18) (30... Nxc3 31. Qc5 $11) 31. Rc6) 30... Nxe3 $15 (30... Qxc3 $2 {is the wrong capture.} 31. Nxd5 Qd2 32. Re7 $18) 31. Rxe3 Qd2 (31... Qa3 $15 32. Re6 Qxc3) 32. Qd3 (32. Re7 $11 {remains equal.}) 32... Qxd3 33. Rxd3 $17 {[%emt 0:00:01][%mdl 4096] Endgame. KRR-KRR} Rb6 34. h3 Ra8 (34... Rxa6 $15 35. Rxb5 Rc6) 35. Rd7 h6 36. Re1 (36. Ra1 $11) 36... Rxa6 $15 37. Ree7 Rg8 38. Rb7 Ra1+ 39. Kh2 a6 40. Rec7 Ra4 41. Ra7 Kh7 42. Rc6 Kg6 43. Raxa6 Rxa6 44. Rxa6 $17 {[%emt 0:00:02] KR-KR} Rb8 {[%emt 0:00:06] Dodges Rb6} 45. Ra7 Rc8 46. Ra5 Rb8 ({Much weaker is} 46... Rxc3 47. Rxb5 Rc2 48. Rd5 $11) 47. Ra7 $1 h5 48. h4 Rb6 49. Rc7 Kh6 50. g3 g5 (50... Re6 $15 {deserves consideration.}) 51. hxg5+ $11 fxg5 52. Kh3 Kg6 {[%emt 0:00:31] ...Re6 would now be deadly.} 53. Rc8 Re6 54. Rc5 {[%emt 0:01:07] [#]} ({Better is} 54. c4 $15) 54... Re3 ({Black should try} 54... Re2 $1 $17 {( -> ...g4+)} 55. Rc6+ Kf5 56. Rc5+ Kf6 (56... Re5 57. Rc6 $11) 57. Rc6+ Re6) 55. Kg2 {[%emt 0:00:20] The position is equal.} Re2+ 56. Kf3 Rc2 57. Ke4 h4 58. gxh4 gxh4 {[%emt 0:00:05] [#] aiming for ...h3.} 59. Rxb5 h3 60. Kf4 $1 h2 61. Rb1 Rg2 62. Rh1 Kh5 63. Kf3 Rc2 64. Kg3 {[%emt 0:00:06] Weighted Error Value: White=0.15 (very precise) /Black=0.17 (very precise) .  Mistake:       	White=5     	Black=6      Inaccurate:     	White=4     	Black=4      OK:         	White=22    	Black=17     Best:        	White=5     	Black=4      Strong:       	White=3     	Black=1} 1/2-1/2

[Event "Romanian Championship 2024"]
[Site "Eforie Nord"]
[Date "2024.02.28"]
[Round "6.6"]
[White "Ognean, Mihnea-Ionut"]
[Black "Bonte, Andrei-Mihai"]
[Result "1-0"]
[ECO "B31"]
[WhiteElo "2382"]
[BlackElo "2266"]
[Annotator "TA"]
[PlyCount "55"]
[EventDate "2024.02.24"]
[EventType "swiss"]
[EventCountry "ROU"]
[SourceTitle "playchess.com"]
[Source "ChessBase"]
[SourceQuality "1"]
[TimeControl "40/5400+30:900+30"]

1. e4 c5 2. Nf3 Nc6 3. Bb5 g6 4. O-O Bg7 5. Re1 Nf6 6. e5 Nd5 7. Nc3 Nc7 8. Bxc6 dxc6 9. h3 O-O 10. d3 Ne6 11. Ne4 b6 12. a4 Qc7 13. a5 Bd7 (13... Rb8 $11) 14. Neg5 $14 h6 {[%emt 0:02:36] White is slightly better.} 15. Nxe6 Bxe6 16. Bf4 Bd5 17. Qe2 Qd7 18. Nd2 Kh7 19. Bg3 Rad8 20. Qe3 Be6 21. Ra4 Rfe8 22. b3 f6 (22... Kg8 $142) 23. exf6 exf6 {[%emt 0:00:09] [#] White must now prevent ...Bd5.} 24. Re4 {[%emt 0:00:03] White is more active.} Bf7 25. Re7 {[%emt 0:00:05] Hoping for Bc7.} f5 (25... Qc8 $16 {might work better.}) 26. Bc7 $18 f4 (26... Qxe7 {was worth a try.} 27. Qxe7 Rxe7 28. Rxe7 Rf8) 27. Qe2 ({Don't take} 27. Bxf4 Qf5 $18) (27. Bxd8 $2 {loses.} fxe3 28. R1xe3 (28. Rxd7 $2 exd2 29. Rxe8 Bxe8 $19) 28... Qxd8 $19) 27... Bc3 $2 {[%emt 0:01:16] [#]} (27... Rxe7 28. Qxe7 Qxe7 29. Rxe7 Rf8) 28. Bxd8 {[%emt 0:01:41] Weighted Error Value: White=0.05 (flawless) /Black=0.37.  Mistake:       	---       	Black=5      Inaccurate:     	White=1     	---        OK:         	White=10    	Black=4      Best:        	White=2     	---} 1-0

[Event "Romanian Championship 2024"]
[Site "Eforie Nord"]
[Date "2024.02.28"]
[Round "6.7"]
[White "Antal, Hunor-Zoltan"]
[Black "Ilinca, Felix-Antonio"]
[Result "0-1"]
[ECO "A35"]
[WhiteElo "2272"]
[BlackElo "2415"]
[Annotator "TA"]
[PlyCount "106"]
[EventDate "2024.02.24"]
[EventType "swiss"]
[EventCountry "ROU"]
[SourceTitle "playchess.com"]
[Source "ChessBase"]
[SourceQuality "1"]
[TimeControl "40/5400+30:900+30"]

1. Nf3 c5 2. c4 Nc6 3. Nc3 g6 4. e3 Nf6 5. d4 cxd4 6. exd4 d5 7. cxd5 Nxd5 8. Qb3 Nxc3 9. Bc4 Nd5 10. Bxd5 e6 11. Bxc6+ bxc6 12. O-O f6 13. Bf4 Qd5 14. Qe3 Kf7 {[%emt 0:06:19] The position is equal.} 15. Rac1 Bb7 16. Be5 fxe5 $17 17. Nxe5+ Ke8 $1 18. Qf4 Be7 $1 19. Qf7+ Kd8 {[%emt 0:00:07][%cal Oc6c5] And now ...c5! would win.} 20. Rc5 Qxd4 (20... Bxc5 21. Qxb7 Rc8 22. Nf7+ Ke8 23. Qxc8+ (23. dxc5 Qd7 $18) 23... Kxf7 24. Qxh8 $18) 21. Rc3 ({White should play} 21. Nxc6+ Bxc6 22. Rxc6) 21... Rf8 $1 (21... Qxe5 $6 22. Rd1+ $15) 22. Qxe6 Rf6 $1 23. Qb3 (23. Qg8+ $17 {only move.} Kc7 24. Qxh7) 23... Kc7 $19 24. Re3 Qd5 (24... Bd6 $19 25. Nc4 Raf8 26. Nxd6 Rxd6 (26... Qxd6 $2 27. h3 $19) 27. Re7+ Rd7 28. Rxd7+ Qxd7) 25. Rd1 $17 Qxb3 26. Rd7+ {[%emt 0:00:06] [#]} Kc8 $1 27. Rxb3 Bd6 {[%emt 0:01:19] Strongly threatening ...Rb8.} 28. Rbxb7 Bxe5 29. Rxh7 Rb8 30. Rbe7 {[%emt 0:00:15][%cal Re7e8] [#]} Rd6 $1 31. g3 {[%emt 0:01:01] Black must now prevent Re8+.} ({Wrong is} 31. Re8+ $2 Rd8 32. Rxd8+ Kxd8 $19) 31... Bxb2 32. Re8+ Rd8 33. Re6 Rb6 {[%emt 0:00:38] aiming for ...c5.} 34. Rxa7 Kb8 35. Ra4 Bd4 36. Rxg6 (36. Kg2 $17) 36... Rb1+ 37. Kg2 c5 {[%emt 0:00:26] Black is more active.} 38. Rga6 (38. f4 $17 {is a better defense.}) 38... Kb7 $19 39. Ra7+ Kc6 40. h4 (40. Rf7 $142) 40... Rf8 41. f4 Kd5 42. h5 Rh8 43. g4 $2 (43. R4a6) 43... Ke4 {[%emt 0:00:31] ...Rg1+ is the strong threat.} 44. Rf7 (44. Ra3 $19 Kxf4 45. Rf7+ Kxg4 46. Rg3+ Kxh5 47. Rf1 Rxf1 48. Kxf1) 44... Rg1+ {[%emt 0:00:17] Black mates.} 45. Kh3 Kf3 46. Ra3+ Be3 47. Rxe3+ Kxe3 48. Kh4 Kf3 49. Rg7 c4 50. h6 Rxh6+ 51. Kg5 Rxg4+ 52. Kxh6 Rxg7 53. Kxg7 Kxf4 {[%emt 0:00:07] Weighted Error Value: White=0.34/Black=0.09 (flawless) .  Loses game:     	White=1     	---        Missed win:     	---       	Black=1      Mistake:       	White=7     	---        Inaccurate:     	White=1     	Black=2      OK:         	White=14    	Black=17     Best:        	White=4     	Black=3      Strong:       	---       	Black=6} 0-1

[Event "Romanian Championship 2024"]
[Site "Eforie Nord"]
[Date "2024.02.28"]
[Round "6.8"]
[White "Prelipcean, Eric-Matei"]
[Black "Cosma, Ioan"]
[Result "0-1"]
[ECO "D03"]
[WhiteElo "2103"]
[BlackElo "2316"]
[Annotator "TA"]
[PlyCount "76"]
[EventDate "2024.02.24"]
[EventType "swiss"]
[EventCountry "ROU"]
[SourceTitle "playchess.com"]
[Source "ChessBase"]
[SourceQuality "1"]
[TimeControl "40/5400+30:900+30"]

1. d4 Nf6 2. Nf3 d5 3. Bg5 Ne4 4. Bf4 c5 5. e3 Nc6 6. c3 Qb6 7. Qc1 Bf5 8. Nbd2 Rc8 9. Be2 g6 10. Ne5 (10. Nxe4 $11 Bxe4 11. Qd2) 10... cxd4 $15 11. Nxe4 {[%emt 0:00:38] Schwarz steht etwas besser.} Bxe4 12. f3 {[%emt 0:02:44] Nxc6 wäre nun fies.} dxc3 13. Qxc3 {[%emt 0:01:24] [#]} Bg7 $1 14. fxe4 O-O 15. exd5 Nxe5 16. Qb3 Nd7 {[%emt 0:05:34] Schwarz steht aktiver.} 17. O-O Bxb2 18. Qxb6 Nxb6 19. Rab1 {[%emt 0:00:06] [#]} Ba3 20. Rb3 Bd6 21. Bh6 Rfd8 22. e4 Rc2 23. Bg4 Nc4 (23... Rxa2 $19 {und Schwarz behält klar die Oberhand. Weiss muss nun ...Nc4 beachten.} 24. Rc1 Ra4) 24. Bd1 (24. Rc1 $17 Rxc1+ 25. Bxc1) 24... Rxa2 $19 25. Rc3 (25. Rxb7 {war angesagt.} a5 26. Bb3) 25... b5 (25... Bc5+ 26. Kh1 b5 27. Bb3 $19) 26. Bb3 Ra3 {[%emt 0:01:12] ...Be5 ist eine echte Drohung.} 27. Bc1 Ra1 28. Bxc4 bxc4 29. Rxc4 f6 30. g3 Rb8 (30... a5 $142 {Und ...Ra8 würde nun gewinnen.} 31. Bf4 Rxf1+ 32. Kxf1 Bxf4 33. gxf4 f5) 31. Be3 (31. Bf4 $142 Rxf1+ 32. Kxf1) 31... Ra3 32. Bd4 (32. Bc5 $17 Bxc5+ 33. Rxc5) 32... a5 33. g4 g5 34. Bc5 Bxc5+ 35. Rxc5 Re3 36. d6 exd6 (36... Rxe4 $2 {zu gefräßig.} 37. d7 Rxg4+ 38. Kh1 $18) 37. Rxa5 Kg7 (37... Rxe4 $17 38. Rxf6 Rxg4+ 39. Kf1 Rf8) 38. Ra4 ({Der einzige Zug:} 38. Ra7+ $15 Kg8 (38... Kg6 39. Re7 $11) 39. Re7) 38... Re8 {[%emt 0:08:40] Gewichteter Fehlerwert: Weiß=0.33/Schwarz=0.25 (präzise) .  Fehler:       	Weiß=6     	Schwarz=3     Ungenau:       	Weiß=2     	Schwarz=2     OK:         	Weiß=8     	Schwarz=12    Bester:       	Weiß=3     	Schwarz=3     Stark:        	---       	Schwarz=1} 0-1

[Event "Romanian Championship 2024"]
[Site "Eforie Nord"]
[Date "2024.02.28"]
[Round "6.9"]
[White "Cnejev, Vladimir-Alexandru"]
[Black "Nastase, Robert-Paul"]
[Result "1-0"]
[ECO "C02"]
[WhiteElo "2311"]
[BlackElo "2226"]
[Annotator "TA"]
[PlyCount "72"]
[EventDate "2024.02.24"]
[EventType "swiss"]
[EventCountry "ROU"]
[SourceTitle "playchess.com"]
[Source "ChessBase"]
[SourceQuality "1"]
[TimeControl "40/5400+30:900+30"]

1. e4 e6 2. d4 d5 3. e5 c5 4. c3 Nc6 5. Nf3 Bd7 6. Bd3 cxd4 7. O-O Qb6 8. Re1 Nge7 {[%emt 0:06:17] Black is slightly better.} 9. h4 h5 10. Nbd2 Rc8 11. Rb1 g6 12. Nb3 dxc3 13. bxc3 Qc7 14. Nc5 b6 (14... Na5 $11 15. Be3 Nec6) 15. Nxd7 $14 Qxd7 16. Nd4 (16. Bb5 $14) 16... Bh6 (16... Bg7 $11) 17. Bxh6 $1 $16 {[%emt 0:12:54] Black is now going downhill.} Rxh6 18. Ba6 Rc7 (18... Rb8 $16 {was necessary.}) 19. Nb5 $18 Kf8 {[%emt 0:00:18][%cal Of8g7] [#]} 20. c4 $1 d4 {[%emt 0:02:38][%cal Oc6b8] [#]} 21. c5 $1 {[%emt 0:03:53] White is much more active.} bxc5 (21... Kg7 $16 {is a better defense.} 22. Nxc7 Qxc7) 22. Qc1 g5 $2 (22... Kg7 23. Qxc5 (23. Nxc7 Qxc7 24. Qxc5 Rh8 $18) 23... Rh8 24. Nxc7 Qxc7) 23. Qxc5 {[%emt 0:01:39] White is clearly winning.} (23. Nxc7 Qxc7 24. Qxc5 (24. Qxg5 Rg6 $18) 24... Qa5 25. Qxa5 Nxa5 $18) 23... gxh4 24. Nxc7 Qxc7 25. Bb5 {[%emt 0:00:38] Strongly threatening Bxc6.} ({Less strong is} 25. Rb7 Qa5 26. Qxa5 Nxa5 $18) 25... Rg6 26. Rec1 Kg7 27. Bxc6 Nxc6 28. Qxc6 Qxe5 29. Rb3 ({Don't do} 29. Qf3 Qa5 30. Re1 (30. Rb7 Rf6 $18) 30... Rg5) 29... Qf4 30. Re1 Rg4 31. Qf3 Qh6 32. Re4 Qc1+ 33. Kh2 {[%emt 0:00:01] Threatening mate with Rb7.} Qg5 34. Rb7 Qg6 35. Rf4 Rxf4 36. Qxf4 d3 {[%emt 0:00:06] Weighted Error Value: White=0.18 (very precise) /Black=0.55.  Mistake:       	White=1     	Black=5      Inaccurate:     	White=3     	Black=2      OK:         	White=11    	Black=6      Best:        	White=2     	Black=2      Strong:       	White=2     	---} 1-0

[Event "Romanian Championship 2024"]
[Site "Eforie Nord"]
[Date "2024.02.28"]
[Round "6.10"]
[White "David, Alexandru-Vasile"]
[Black "Vilcu, Matei-Stefan"]
[Result "1/2-1/2"]
[ECO "B55"]
[WhiteElo "2360"]
[BlackElo "2176"]
[Annotator "TA"]
[PlyCount "37"]
[EventDate "2024.02.24"]
[EventType "swiss"]
[EventCountry "ROU"]
[SourceTitle "playchess.com"]
[Source "ChessBase"]
[SourceQuality "1"]
[TimeControl "40/5400+30:900+30"]

1. e4 c5 2. Nf3 d6 3. d4 cxd4 4. Nxd4 Nf6 5. Bd3 Nc6 6. Nxc6 bxc6 7. O-O g6 8. b3 Bg7 9. Bb2 O-O 10. Nc3 Nd7 11. Na4 Bxb2 12. Nxb2 Qb6 13. Qd2 Ne5 14. Be2 Rb8 15. Kh1 Qb4 {[%emt 0:03:02] The position is equal.} 16. Qe3 Qb6 17. Qd2 Qb4 18. Qe3 Qb6 19. Qd2 {[%emt 1:07:27] Weighted Error Value: White=0.02 (flawless) /Black=0.03 (flawless) .  Inaccurate:     	---       	Black=1      OK:         	White=6     	Black=8} 1/2-1/2

[Event "Romanian Championship 2024"]
[Site "Eforie Nord"]
[Date "2024.02.28"]
[Round "6.11"]
[White "Serban, Cristian-Stefan"]
[Black "Voiteanu, Gabriel"]
[Result "1-0"]
[ECO "D12"]
[WhiteElo "2309"]
[BlackElo "2151"]
[Annotator "TA"]
[PlyCount "77"]
[EventDate "2024.02.24"]
[EventType "swiss"]
[EventCountry "ROU"]
[SourceTitle "playchess.com"]
[Source "ChessBase"]
[SourceQuality "1"]
[TimeControl "40/5400+30:900+30"]

1. d4 d5 2. c4 c6 3. Nf3 Nf6 4. e3 Bf5 5. Nc3 e6 6. Nh4 Be4 7. f3 Bg6 8. Qb3 Qc7 9. Bd2 Be7 10. Nxg6 hxg6 11. O-O-O {[%emt 0:00:05] White is slightly better.} dxc4 12. Bxc4 b5 13. Be2 a5 14. Kb1 a4 15. Qc2 Qb6 16. e4 O-O 17. Be3 Qa5 18. e5 Nd5 19. Nxd5 cxd5 20. h4 b4 (20... a3 $142) 21. Qd2 {[%emt 0:08:36] White is more active.} (21. Qd3 $1 $16) 21... Nc6 $14 22. h5 b3 23. a3 Qxd2 24. Rxd2 gxh5 25. Rxh5 Na5 (25... f5 $11) 26. Rd1 $1 $16 Nc4 {[%emt 0:07:38] Dodges f4} 27. Rdh1 f6 28. Bxc4 dxc4 {[%emt 0:00:14] [#]} 29. d5 $1 $40 {[%emt 0:00:28][%cal Bd4d5,Bd5d6][%mdl 160] White is up to no good.} Kf7 (29... exd5 $2 {too greedy.} 30. e6 g5 31. Bd4 $18 (31. Rh8+ Kg7 $18) (31. Rh8+ Kg7 $18)) 30. d6 Bd8 31. f4 fxe5 ({Black should try} 31... Ra5 $11) 32. fxe5 $14 {[%emt 0:00:15] Hoping for Rf1+.} Kg6 (32... Ke8 $1 $14) 33. R5h3 $1 $18 Bg5 $2 {[%emt 0:09:28] [#]} (33... Ba5 $16 34. Rg3+ Kf5) 34. Rg3 $1 ({Not} 34. Bxg5 Kxg5 35. Rh5+ Kg6 $14) 34... Rf5 35. Bxg5 Rxg5 36. Rxg5+ Kxg5 {[%emt 0:00:04] [#]} 37. Rf1 ({White must play} 37. Kc1 $1 $18) 37... Kg6 $2 (37... Rc8 $1 $11 {and Black stays safe.}) 38. Kc1 {[%emt 0:00:47] Kd2 is the strong threat.} Ra5 39. Rd1 {[%emt 0:02:30] Prevents Rd5.   Weighted Error Value: White=0.22 (precise) /Black=0.49.  Loses game:     	---       	Black=2      Missed win:     	White=1     	---        Mistake:       	White=1     	Black=4      Inaccurate:     	White=5     	Black=5      OK:         	White=8     	Black=10     Best:        	White=2     	Black=1      Strong:       	White=3     	---} 1-0

[Event "Romanian Championship 2024"]
[Site "Eforie Nord"]
[Date "2024.02.28"]
[Round "6.12"]
[White "Tudor, Henry Edward"]
[Black "Gales, Randi-Ioan"]
[Result "1-0"]
[ECO "A13"]
[WhiteElo "2239"]
[BlackElo "2062"]
[Annotator "TA"]
[PlyCount "33"]
[EventDate "2024.02.24"]
[EventType "swiss"]
[EventCountry "ROU"]
[SourceTitle "playchess.com"]
[Source "ChessBase"]
[SourceQuality "1"]
[TimeControl "40/5400+30:900+30"]

1. Nf3 d5 2. b3 Nf6 3. Bb2 e6 4. c4 Be7 5. g4 Nxg4 {[%emt 0:25:18] [#] White must now prevent ...Bh4.} 6. Rg1 $1 Bf6 7. d4 h5 8. h3 {[%emt 0:05:14] The position is equal.} Nh6 9. Nc3 c5 10. dxc5 Qa5 11. Qd2 dxc4 12. e4 Nc6 (12... Bd7 $14) 13. Bxc4 $18 O-O $2 (13... Bd7) 14. Qxh6 Bxc3+ {[%emt 0:00:30] [#]} 15. Kf1 $1 {[%emt 0:27:13] White mates.} ({But not} 15. Bxc3 $2 Qxc3+ 16. Ke2 Qxa1 17. Qxh5 Qb2+ (17... Qxa2+ $2 18. Ke3 $19) 18. Kf1 Qb1+ (18... Qxa2 $2 {is the wrong capture.} 19. Ng5 $18) 19. Ne1 Rd8 $19 (19... Qxe4 $2 {loses.} 20. Bd3 $18)) 15... Bxb2 16. e5 $1 Bxe5 17. Nxe5 {[%emt 0:01:00] Black did not feel at home in the position after the opening.   Weighted Error Value: White=0.02 (flawless) /Black=0.72.  Mistake:       	---       	Black=3      Inaccurate:     	---       	Black=3      OK:         	White=3     	Black=3      Best:        	White=2     	---} 1-0

[Event "Romanian Championship 2024"]
[Site "Eforie Nord"]
[Date "2024.02.28"]
[Round "6.13"]
[White "Secheres, Adrian-Simion"]
[Black "Sava, Robert-Gabriel"]
[Result "1-0"]
[ECO "E32"]
[WhiteElo "2371"]
[BlackElo "2053"]
[Annotator "TA"]
[PlyCount "73"]
[EventDate "2024.02.24"]
[EventType "swiss"]
[EventCountry "ROU"]
[SourceTitle "playchess.com"]
[Source "ChessBase"]
[SourceQuality "1"]
[TimeControl "40/5400+30:900+30"]

1. d4 Nf6 2. c4 e6 3. Nc3 Bb4 4. Qc2 b6 5. e4 c5 6. d5 Qe7 7. Nge2 exd5 8. exd5 {[%emt 0:00:16] The position is equal.} O-O 9. Bd2 d6 10. f3 Nbd7 {[%emt 0:01:46] White must now prevent ...Ne5.} 11. O-O-O Ne5 12. Ng3 a6 (12... Qd8 $11 {keeps the balance.}) 13. f4 $16 Ng6 {[%emt 0:02:29] [#]} 14. Re1 (14. h4 $1 $16) 14... Qc7 15. h4 h5 (15... h6 $11 {and Black has nothing to worry.}) 16. Be2 $18 Bg4 17. Bxg4 Nxg4 18. Nxh5 {[%emt 0:01:42] Threatens to win with a3.} b5 (18... Qd7 $142 19. Ng3 Bxc3 20. Qxc3 Ne7) 19. Qf5 (19. cxb5 $6 axb5 20. Qf5 (20. Nxb5 Qd7 $15) 20... Nf2 $16) 19... Nf2 20. Rhf1 Nxh4 $2 (20... Qc8 21. Qc2 Ng4) 21. Qc2 Ng4 22. Rh1 Ng6 23. Qf5 (23. cxb5 axb5 24. a3 (24. Nxb5 Qb7 $11) 24... Qd7 $16) 23... Nf2 24. Rhf1 $2 $40 {[%emt 0:01:50][%mdl 128] White mounts an attack.} (24. Rh2 bxc4 25. Nf6+ gxf6 26. Qh5) 24... Nh4 $1 25. Qg5 Nd3+ 26. Kb1 Ng6 {[%emt 0:00:05] [#]} 27. Ne4 $1 {[%emt 0:02:19][%cal Oe4f6] Nef6+! would kill now.} f5 (27... Qd8 28. Nef6+) 28. Nef6+ Rxf6 29. Nxf6+ Kf7 30. Qxf5 {[%emt 0:03:54] Intending Qe6+ and mate.} gxf6 31. Re6 Qd8 32. Rh1 {[%emt 0:04:24] White threatens Rh7+ and mate.} Nf8 33. Qh5+ {[%emt 0:00:38] White mates.} Kg7 34. Re3 Nxf4 35. Rg3+ N4g6 36. Bh6+ Kf7 37. Bxf8 {[%emt 0:00:06] Weighted Error Value: White=0.25 (precise) /Black=0.48.  Mistake:       	White=2     	Black=4      Inaccurate:     	White=1     	Black=4      OK:         	White=10    	Black=10     Best:        	White=1     	Black=1      Strong:       	---       	Black=1} 1-0